 Dungeon Crawl Stone Soup version 0.17.0-1-g61d176b (webtiles) character file.

814 SlimeFever the Skirmisher (level 7, -3/55 HPs)
             Began as a Demonspawn Abyssal Knight on Nov 7, 2015.
             Was a Priest of Lugonu.
             Slain by an iguana (10 damage)
             ... on level 4 of the Dungeon.
             The game lasted 00:20:53 (3094 turns).

SlimeFever the Skirmisher (DsAK)                    Turns: 3094, Time: 00:20:53

Health: -3/55      AC:  9    Str: 13    XL:     7   Next: 62%
Magic:  7/9        EV: 13    Int: 13    God:    Lugonu [***...]
Gold:   132        SH:  2    Dex: 14    Spells: 0 memorised, 6 levels left

rFire  . . .     SeeInvis +     c - +1 whip (flame)
rCold  . . .     Clarity  .     h - +2 robe {MR+}
rNeg   . . .     SustAt   .     (no shield)
rPois  .         Gourm    .     (helmet unavailable)
rElec  .         Spirit   .     i - +1 cloak {MR+}
rCorr  .         Warding  .     (no gloves)
rMut   .         Stasis   .     (no boots)
MR     ++...                    f - amulet of faith
Stlth  +++.......               (no ring)
                                n - +1 ring of protection

@: drained, very resistant to hostile enchantments, fairly stealthy
A: antennae 3, large bone plates 1, nightstalker 1
a: Depart the Abyss, Bend Space, Banish, Renounce Religion


You were on level 4 of the Dungeon.
You worshipped Lugonu.
Lugonu was most pleased with you.
You were not hungry.

You visited 1 branch of the dungeon, and saw 4 of its levels.
You visited the Abyss 1 time.

You collected 132 gold pieces.

Inventory:

Hand Weapons
 a - a +1 mace
 c - a +1 whip of flaming (weapon)
 g - a +2 quarterstaff of chaos
 l - a +1 dire flail
Missiles
 j - 58 arrows
 k - 15 bolts
 w - 14 arrows of frost
 y - 18 poisoned needles
Armour
 b - a +0 leather armour
 h - a +2 robe of magic resistance (worn)
 i - a +1 cloak of magic resistance (worn)
Magical Staves
 s - an uncursed staff of death
Jewellery
 f - an amulet of faith (around neck)
 n - a +1 ring of protection (left hand)
Wands
 v - a wand of random effects (21)
 z - a wand of frost (22)
Scrolls
 d - 3 scrolls of recharging
 t - 2 scrolls of remove curse
 u - a scroll of identify
Potions
 e - a potion of curing
 m - 2 potions of ambrosia
 o - a potion of cancellation {unknown}
 r - 2 potions of heal wounds {unknown}
Comestibles
 p - a slice of pizza
 q - 2 meat rations


   Skills:
 + Level 4.8(4.2) Fighting
 * Level 4.7(4.1) Maces & Flails
 + Level 2.3(1.7) Armour
 + Level 3.6(3.0) Dodging
 + Level 3.3(2.7) Stealth
 + Level 3.0(2.5) Invocations


You had 6 spell levels left.
You didn't know any spells.

Dungeon Overview and Level Annotations

Branches:
Dungeon (4/15)
 Temple: D:4-7

Altars:
Vehumet
Xom


Innate Abilities, Weirdness & Mutations

You have a pair of large antennae on your head (SInv).
You are partially covered in large bone plates (AC +2, SH +2).
You are slightly more attuned to the shadows.


Message History

Your base Invocations skill increases to level 3!
The iguana bites you but does no damage.
The jackal barely misses you.
You hit the iguana. You burn the iguana.
The iguana is lightly wounded.
The iguana bites you.
* * * LOW HITPOINT WARNING * * *
You closely miss the iguana.
The iguana is lightly wounded.
The jackal barely misses you. The iguana barely misses you.
The jackal closely misses you. x2
You barely miss the iguana.
The iguana is lightly wounded.
The jackal barely misses you. The iguana misses you.
The jackal closely misses you.
You hit the iguana but do no damage.
The iguana is lightly wounded.
The jackal barely misses you. The jackal completely misses you.
The iguana bites you!
You die...

#.......#####.....##
###...#.......#####
###.........#
#..........#
#..........#
#..........#
#..........#
#..hhl.....#
##<.@.....##
#..........
#.....(....
#..........
............
#............
#...........#


You could see an iguana and 2 jackals.

Vanquished Creatures
  Pikel (D:4)
  A giant frog (D:4)
  An orc priest (D:4)
  Crazy Yiuf (D:2)
  Terence (D:3)
  A hound skeleton (D:4)
  3 gnolls (D:2)
  10 adders
  2 worms (D:2)
  2 giant geckos
  An orc (D:3)
  3 ball pythons
  7 bats
  2 giant cockroaches
  6 goblins
  12 hobgoblins
  8 jackals
  8 kobolds
  2 quokkas (D:2)
  4 giant newts
  4 rats
80 creatures vanquished.

Vanquished Creatures (others)
  An orc wizard (D:4)
  A river rat (D:4)
  2 orcs (D:4)
  A ball python (D:4)
  A giant cockroach (D:4)
  2 rats (D:4)
8 creatures vanquished.

Grand Total: 88 creatures vanquished

Notes
Turn   | Place    | Note
--------------------------------------------------------------
     0 | Abyss:1  | SlimeFever the Demonspawn Abyssal Knight began the quest for the Orb.
     0 | Abyss:1  | Reached XP level 1. HP: 18/18 MP: 2/2
    53 | Abyss:1  | Noticed a raiju
    73 | Abyss:1  | Noticed a small abomination
    73 | Abyss:1  | Noticed an ancient zyme
    78 | D:1      | Escaped the Abyss
   529 | D:1      | Reached * piety under Lugonu
   529 | D:1      | Gained mutation: You have a pair of small antennae on your head. [demonic ancestry]
   529 | D:1      | Reached XP level 2. HP: 24/24 MP: 3/3
   953 | D:2      | Reached skill level 1 in Dodging
   963 | D:2      | Gained mutation: You have a pair of antennae on your head. [demonic ancestry]
   963 | D:2      | Reached XP level 3. HP: 27/30 MP: 5/5
  1048 | D:2      | Gained mutation: You are slightly more attuned to the shadows. [demonic ancestry]
  1048 | D:2      | Reached XP level 4. HP: 19/37 MP: 6/6
  1177 | D:2      | Reached ** piety under Lugonu
  1177 | D:2      | Reached skill level 1 in Stealth
  1254 | D:2      | Reached skill level 4 in Fighting
  1764 | D:2      | Gained mutation: You have a pair of large antennae on your head (SInv). [demonic ancestry]
  1764 | D:2      | Reached XP level 5. HP: 24/42 MP: 7/7
  1816 | D:2      | Noticed Crazy Yiuf
  1907 | D:2      | Killed Crazy Yiuf
  2498 | D:3      | Reached *** piety under Lugonu
  2577 | D:3      | Noticed Terence
  2599 | D:3      | Found a shimmering altar of Xom.
  2634 | D:3      | Killed Terence
  2663 | D:3      | Found a radiant altar of Vehumet.
  2896 | D:4      | Noticed Pikel
  2896 | D:4      | Noticed a slave
  2896 | D:4      | Noticed a slave
  2898 | D:4      | Noticed a slave
  2902 | D:4      | Noticed a slave
  2929 | D:4      | Gained mutation: You are partially covered in large bone plates (AC +2, SH +2). [demonic ancestry]
  2929 | D:4      | Reached XP level 6. HP: 41/48 MP: 8/8
  2936 | D:4      | Killed Pikel
  2936 | D:4      | Reached XP level 7. HP: 48/55 MP: 9/9
  3094 | D:4      | Slain by an iguana

Action                   |  1- 3 |  4- 6 |  7- 9 || total
-------------------------+-------+-------+-------++-------
Melee: Mace              |    52 |       |       ||    52
       Dire flail        |    14 |   229 |    16 ||   259
       Whip              |       |       |    23 ||    23
Invok: Depart the Abyss  |     1 |       |       ||     1
       Bend Space        |       |       |     3 ||     3
Evoke: Wand              |       |     1 |       ||     1
  Use: Scroll            |       |     8 |       ||     8
       Potion            |       |     1 |       ||     1
 Stab: Sleeping          |       |     7 |       ||     7
       Paralysed         |       |     6 |       ||     6
  Eat: Bread ration      |       |     2 |       ||     2
